 Dungeon Crawl Stone Soup version 0.31-a0-881-ge136f0c47a (webtiles) character file.

Game seed: 13160932408011304446

273529 Arex the Brawler (level 19, -15/230 HPs)
             Began as a White Draconian Shapeshifter on Oct 14, 2023.
             Was a Follower of Uskayaw.
             Demolished by a vault warden
             ... wielding a +2 great mace
              (19 damage)
             ... on level 3 of the Vaults on Oct 16, 2023.
             The game lasted 01:38:18 (55376 turns).

Arex the Brawler (White Draconian Shapeshifter)    Turns: 55376, Time: 01:38:19

Health: -15/230    AC: 34    Str: 21    XL:     19   Next: 50%
Magic:  11/21      EV: 17    Int: 12    God:    Uskayaw [*.....]
Gold:   3167       SH:  0    Dex: 11    Spells: 18/18 levels left

rFire   + .          .
                       - Unarmed
rCold   + . .        (no shield)
rNeg    + . .        (body armour unavailable)
rPois   ∞            V - +2 hat {Will+}
rElec   +            M - +2 cloak {rPois}
rCorr   .            R - melded +2 pair of gloves
SInv    .            S - melded +1 pair of boots
Will    +++..        o - amulet of faith
Stlth   +            v - ring "Azuyt" {rElec Will+}
HPRegen 0.58/turn    J - ring of Zuqimno {Fly rF+ MP-9 Slay+3}
MPRegen 0.17/turn

%: faith
@: statue-form, marked, flying, very slow
A: slow and powerful, torment resistance 1, boosted hp, (breathe frost), AC +10,
unfitting armour, cold resistance 1, cold-blooded, clumsy 1, poison resistance,
evolution 1
}: 2/15 runes: decaying, serpentine
a: Begin Untransformation, Renounce Religion, Stomp


You were on level 3 of the Vaults.
You worshipped Uskayaw.
Uskayaw was pleased with you.
You were a living statue of rough stone.
You visited 7 branches of the dungeon, and saw 34 of its levels.
You also visited: Gauntlet.

You collected 4305 gold pieces.
You spent 1138 gold pieces at shops.

Inventory:

Missiles
 p - a throwing net
Armour
 M - a +2 cloak of poison resistance (worn)
 R - a +2 pair of gloves (melded)
 S - a +1 pair of boots (melded)
 V - a +2 hat of willpower (worn)
 W - a +3 tower shield
Jewellery
 k - a ring of protection from cold
 o - an amulet of faith (around neck)
 v - the ring "Azuyt" (left fist) {rElec Will+}
   (You acquired it on level 3 of the Snake Pit)

   [ring of willpower]

   rElec:     It insulates you from electricity.
   Will+:     It increases your willpower.
 H - an amulet of reflection
 J - the ring of Zuqimno (right fist) {Fly rF+ MP-9 Slay+3}
   (You found it on level 4 of the Lair of Beasts)

   [ring of flight]

   Slay+3:    It affects your accuracy & damage with ranged weapons and melee
   (+3).
   rF+:       It protects you from fire.
   MP-9:      It affects your magic capacity (-9).
   Fly:       It grants you flight.
 K - a ring of resist corrosion
 O - a ring of see invisible
 Y - a +4 ring of protection
Talismans
 b - a granite talisman (active)
 Q - a maw talisman
Wands
 c - a wand of flame (31)
 f - a wand of paralysis (22)
 r - a wand of polymorph (34)
 t - a wand of digging (33)
 G - a wand of quicksilver (9)
 T - a wand of iceblast (15)
Scrolls
 e - a scroll of immolation
 g - 3 scrolls of silence
 j - 9 scrolls of vulnerability
 s - 2 scrolls of poison
 y - 3 scrolls of teleportation
 z - 4 scrolls of butterflies
 A - 2 scrolls of torment
 B - 7 scrolls of fog
 C - a scroll of brand weapon
 I - 4 scrolls of noise
 L - 4 scrolls of blinking
 N - a scroll of amnesia
 P - 2 scrolls of fear
 Z - a scroll of revelation
Potions
 a - 3 potions of lignification
 d - 5 potions of invisibility
 h - 2 potions of brilliance
 i - 15 potions of curing
 l - a potion of heal wounds
 m - 4 potions of resistance
 n - 7 potions of attraction
 q - 5 potions of might
 u - 3 potions of cancellation
 w - 3 potions of magic
 x - 5 potions of enlightenment
 D - 3 potions of haste
 E - 11 potions of mutation
 F - a potion of ambrosia


   Skills:
 + Level 17.0 Fighting
 - Level 12.8 Dodging
 * Level 11.9 Shields
 + Level 18.4 Unarmed Combat
 - Level 15.0 Invocations
 + Level 17.8 Shapeshifting


You had 18 spell levels left.
You didn't know any spells.
Your spell library contained the following spells:

 Spells                   Type           Power      Damage    Failure   Level
 Apportation              Tloc           0%         N/A       32%         1
 Necrotise                Necr           0%         1d4       32%         1
 Sandblast                Erth           0%         2d4       32%         1
 Sting                    Tmut/Pois      0%         1d3       32%         1
 Jinxbite                 Hex            0%         N/A       45%         2
 Lesser Beckoning         Tloc           0%         N/A       45%         2
 Passwall                 Tmut/Erth      0%         N/A       45%         2
 Poisonous Vapours        Pois/Air       0%         N/A       45%         2
 Dazzling Flash           Conj/Hex       0%         N/A       69%         3
 Gell's Gravitas          Tloc           0%         N/A       69%         3
 Stone Arrow              Conj/Erth      0%         3d7       69%         3
 Teleport Other           Tloc           0%         N/A       69%         3
 Tukima's Dance           Hex            0%         N/A       69%         3
 Vampiric Draining        Necr           0%         2d6       69%         3
 Volatile Blastmotes      Fire/Tloc      0%         2d10      69%         3
 Animate Dead             Necr           0%         N/A       97%         4
 Brom's Barrelling Bould  Conj/Erth      0%         2d3       97%         4
 Cause Fear               Hex            0%         N/A       97%         4
 Dimensional Bullseye     Hex/Tloc       0%         N/A       97%         4
 Iskenderun's Mystic Bla  Conj/Tloc      0%         2d3       97%         4
 Leda's Liquefaction      Hex/Erth       0%         N/A       97%         4
 Manifold Assault         Tloc           0%         N/A       97%         4
 Olgreb's Toxic Radiance  Pois           0%         N/A       97%         4
 Agony                    Necr           0%         N/A       100%        5
 Alistair's Intoxication  Tmut/Pois      0%         N/A       100%        5
 Borgnjor's Vile Clutch   Necr/Erth      0%         N/A       100%        5
 Fireball                 Conj/Fire      0%         3d3       100%        5
 Iskenderun's Battlesphe  Conj           0%         2d6       100%        5
 Lee's Rapid Deconstruct  Erth           0%         3d4*      100%        5
 Silence                  Hex/Air        0%         N/A       100%        5
 Summon Forest            Summ/Tloc      0%         N/A       100%        5
 Summon Mana Viper        Hex/Summ       0%         N/A       100%        5
 Bombard                  Conj/Erth      0%         9d1       100%        6
 Conjure Ball Lightning   Conj/Air       0%         3x3d6     100%        6
 Death Channel            Necr           0%         N/A       100%        6
 Dispersal                Tloc           0%         N/A       100%        6
 Eringya's Noxious Bog    Tmut/Pois      0%         4d6       100%        6
 Starburst                Conj/Fire      0%         6d3       100%        6
 Summon Cactus Giant      Summ           0%         N/A       100%        6
 Malign Gateway           Summ/Tloc      0%         N/A       100%        7
 Orb of Destruction       Conj           0%         9d5       100%        7
 Spellforged Servitor     Conj/Summ      0%         N/A       100%        7
 Discord                  Hex            0%         N/A       100%        8
 Disjunction              Tloc           0%         N/A       100%        8
 Ignition                 Fire           0%         3d3       100%        8
 Maxwell's Capacitive Co  Air            0%         ∞         100%        8
 Summon Horrible Things   Summ           0%         N/A       100%        8
 Dragon's Call            Summ           0%         N/A       100%        9


Dungeon Overview and Level Annotations

Branches:
Dungeon (15/15)            Temple (0/1) D:7            Lair (5/5) D:9
  Swamp (4/4) Lair:2        Snake (4/4) Lair:3        Slime (0/5) Lair:5
    Orc (2/2) D:10            Elf (0/3) Orc:2        Vaults (3/5) D:13
  Crypt (0/3) Vaults:2     Depths (1/4) D:15        Gauntlet (visited)

Altars:
Ashenzari
Cheibriados
Dithmenos
Fedhas
Kikubaaqudgha
Okawaru
Qazlal
Uskayaw
Vehumet
Wu Jian
Yredelemnul
Zin

Shops:
D:6 *(((   D:9 *   D:10 [   D:12 [[[   Orc:2 :*(:!   Snake:3 ([   Vaults:1 :
Vaults:2 (

Portals:
Trove: D:14 (give 18 potions of curing)

Annotations:
D:2 1 runed translucent door, Crazy Yiuf
D:3 3 runed translucent doors, Bosh's ghost, amateur HOFi
D:8 4 transporters
D:14 3 runed translucent doors, Ylounoac's ghost, journeyman MiBe
Swamp:1 exclusion: oklob plant
Swamp:3 1 runed translucent door, Isysim's ghost, adept OgFi
Swamp:4 exclusion: oklob plant
Snake:3 1 transporter
Vaults:1 2 transporters, Naox's ghost, adept KoAr


Innate Abilities, Weirdness & Mutations

You are a living statue of rough stone.
Your actions are slow, but your melee attacks are powerful.
You are resistant to unholy torment.
Your maximum health is greatly increased.
Your equipment is partially melded.
((You can breathe waves of freezing cold which knock back foes.))
((Your icy white scales are hard. (AC +10)))
You cannot fit into any form of body armour.
You are immune to poison.
Your flesh is cold resistant. (rC+)
You are cold-blooded and may be slowed by cold attacks.
You are clumsy. (Dex -2)
Your system is resistant to poisons. (rPois)
You have hidden genetic potential.


Message History

A yaktaur opens the door.
The ettin hits you with a +0 dire flail!!
* * * LOW HITPOINT WARNING * * *
The ettin hits you with a +0 dire flail!
* * * LOW HITPOINT WARNING * * *
Unknown command.
You pummel the great orb of eyes!!
You kill the great orb of eyes!
The yaktaur captain wields a +0 arbalest.
The yaktaur captain shoots a bolt.
The bolt hits you.
* * * LOW HITPOINT WARNING * * *
The yaktaur wields a +0 arbalest.
The yaktaur shoots a bolt.
The bolt hits you but does no damage. The vault warden closely misses you.
The ettin hits you with a +0 dire flail!
* * * LOW HITPOINT WARNING * * *
The ettin hits you but does no damage.
Training target 15.0 for Invocations reached!
Your Fighting skill increases to level 17!
Your Invocations skill increases to level 15!
Okay, then.
Aiming: Grand Finale
Press: ? - help, Shift-Dir - straight line, f - ettin
Aim: an ettin, wielding two +0 dire flails (moderately wounded)
The ettin explodes violently!!!
You blow up the ettin!
You can no longer merge with and destroy a victim.
The yaktaur captain unwields a +0 arbalest.
The yaktaur captain hits you!
* * * LOW HITPOINT WARNING * * *
You punch the vault warden!
Your tail-slap misses the vault warden.
Your punch misses the vault warden.
The vault warden is moderately wounded.
The vault warden misses you. The yaktaur captain hits you!
* * * LOW HITPOINT WARNING * * *
You pummel the vault warden!!
You tail-slap the vault warden, but do no damage.
You punch the vault warden.
The vault warden is heavily wounded.
The vault warden hits you with a +2 great mace!!
You die...

#...... #...8.. #......
#.##.##
###+##############+##+##
........................
....^...................
.......()...............
.......8p.............).
........c...............
#######p#############...


#ccc #... #.... #... ....... #... ........ #... ......... #... ... You could see
an ironbound preserver, a vault warden, a yaktaur captain and 3 yaktaurs.

Vanquished Creatures
  Saint Roka (Snake:3)
  The ghost of Fotooss the Impregnable, an adept MiDe of Makhleb (Vaults:2)
  A lich (Vaults:2)
  A sphinx (Vaults:3)
  Frances (Swamp:2)
  Gastronok (D:12)
  4 thorn hunters (Swamp:4)
  Kirke (D:15)
  8 nagarajas (Snake:4)
  Louise (D:15)
  11 vault wardens
  9 ironbound preservers
  2 orc warlords
  A war gargoyle (D:14)
  2 very ugly things
  A stone giant (Vaults:3)
  2 formless jellyfish
  2 ironbound thunderhulks
  5 eleionomae
  2 vampire knights (Swamp:4)
  12 dire elephants (Vaults:1)
  3 bunyips
  A minotaur (Gauntlet)
  Snorg (Lair:4)
  An ettin (Vaults:3)
  An entropy weaver (shapeshifter) (D:14)
  2 shambling mangroves
  5 yaktaur captains
  6 great orbs of eyes
  2 entropy weavers
  A peacekeeper (Vaults:3)
  A rakshasa (D:15)
  A ghost crab (Swamp:4)
  5 ogre magi (Orc:2)
  Erolcha (Orc:2)
  6 vault guards
  6 anacondas
  4 catoblepae
  5 alligators
  15 hydras
  5 boulder beetles
  7 centaur warriors
  10 death yaks
  9 naga warriors
  3 ironbound frosthearts
  4 two-headed ogres
  6 naga sharpshooters
  2 tengu warriors
  A titan zombie (D:15)
  4 shock serpents
  10 skeletal warriors
  2 skysharks
  A wretched star (Gauntlet)
  A death drake (shapeshifter) (D:13)
  3 goliath frogs
  6 naga ritualists
  2 flayed ghosts
  A glowing orange brain (Vaults:2)
  15 deep trolls
  12 sea snakes
  3 spectral hydras (Swamp:4)
  3 spriggan druids
  10 lindwurms
  4 bog bodies
  3 necromancers
  9 swamp dragons
  4 wizards (Vaults:2)
  2 phantasmal warriors (Swamp:4)
  An oklob plant (Lair:4)
  8 ironbound convokers
  A wolf spider (Lair:5)
  3 orc knights
  6 orc sorcerers
  4 harpies
  16 ugly things
  3 manticores
  10 mana vipers
  2 will-o-the-wisps (Swamp:2)
  A frost giant skeleton (D:15)
  3 cyclopes
  6 salamanders
  A moth of wrath (shapeshifter) (D:13)
  10 elephants
  7 guardian serpents
  12 naga magi
  4 gargoyles
  30 black mambas
  9 vault sentinels
  4 torpor snails (Lair:1)
  2 unseen horrors (D:12)
  18 cane toads
  A freezing wraith (Swamp:4)
  33 yaktaurs
  A rime drake (Lair:5)
  A tengu conjurer (D:13)
  10 komodo dragons
  3 death drake zombies (Swamp:4)
  A troll (Orc:2)
  A bloated husk (Swamp:3)
  3 polar bears (Lair:5)
  5 tyrant leeches
  3 hydra zombies (Swamp:4)
  Prince Ribbit (D:9)
  A wind drake (shapeshifter) (D:13)
  10 hornets
  A hydra skeleton (Swamp:4)
  17 blink frogs
  10 dream sheep
  A spriggan zombie (D:15)
  A centaur simulacrum (D:14)
  A spriggan (shapeshifter) (D:13)
  32 slime creatures
  15 spriggans
  2 wraiths (D:12)
  A shadow (D:12)
  4 wyverns
  96 yaks
  6 basilisks
  A hog (shapeshifter) (D:13)
  4 vampire mosquitoes
  2 neqoxecs (Gauntlet)
  Menkaure (D:6)
  A redback (Vaults:2)
  17 swamp worms
  4 wargs
  36 nagas
  12 water moccasins
  2 acid dragons
  3 hydra simulacra (Swamp:4)
  A glowing shapeshifter skeleton (D:15)
  An ice beast (D:6)
  2 sky beasts
  16 orc warriors
  5 swamp drakes
  8 black bears
  2 swamp dragon zombies (Swamp:4)
  7 ogres
  33 wolves
  4 boggarts (Lair:5)
  18 centaurs
  A phantom (D:4)
  A kobold brigand (D:9)
  A gnoll sergeant (D:9)
  5 bullfrogs
  A cane toad simulacrum (Orc:2)
  2 scorpions
  8 wights
  A two-headed ogre simulacrum (Orc:2)
  17 killer bees
  4 howler monkeys
  9 electric eels (Snake:1)
  11 orc priests
  5 hounds
  A jelly (Lair:5)
  4 iguanas
  A sleepcap (D:5)
  32 orc wizards
  5 hell rats
  2 spriggan simulacra (Orc:2)
  A troll simulacrum (Orc:2)
  A polar bear simulacrum (Orc:2)
  12 gnolls
  7 adders
  2 naga simulacra (Orc:2)
  2 ufetubi
  A worm (D:3)
  2 dart slugs (D:4)
  84 orcs
  6 endoplasms
  2 giant cockroaches
  7 goblins
  5 hobgoblins
  7 kobolds
  2 quokkas
  9 ball pythons
  4 bats
  9 rats
1154 creatures vanquished.

Vanquished Creatures (others)
  A hydra (Swamp:4)
  3 bloated husks
  A human (D:15)
  8 foxfires (Swamp:2)
13 creatures vanquished.

Grand Total: 1167 creatures vanquished

Notes
Turn   | Place    | Note
-------+----------+-------------------------------------------
     0 | D:1      | Arex the Draconian Shapeshifter began the quest for the
                  | Orb.
     0 | D:1      | Reached XP level 1. HP: 16/16 MP: 1/1
   227 | D:1      | Reached XP level 2. HP: 23/23 MP: 2/2
   321 | D:1      | Found a faded altar of an unknown god.
   788 | D:1      | Reached XP level 3. HP: 29/29 MP: 3/3
  1420 | D:2      | Found a runed translucent door.
  1421 | D:2      | Noticed Crazy Yiuf
  1850 | D:3      | Found a broken altar of Ashenzari.
  1889 | D:3      | Found a runed translucent gate.
  1889 | D:3      | Found a runed translucent gate.
  1889 | D:3      | Noticed Bosh's ghost (amateur HOFi)
  1890 | D:3      | Found a runed translucent gate.
  2046 | D:3      | Reached XP level 4. HP: 36/36 MP: 4/4
  2152 | D:3      | Found a hide-covered altar of Uskayaw.
  2516 | D:3      | Became a worshipper of Uskayaw the Reveller
  2613 | D:4      | Found a radiant altar of Vehumet.
  2668 | D:4      | Reached * piety under Uskayaw
  2676 | D:4      | Reached ** piety under Uskayaw
  2691 | D:4      | Reached *** piety under Uskayaw
  2930 | D:4      | Noticed a phantom
  2940 | D:4      | Killed a phantom
  2941 | D:4      | Reached skill level 4 in Unarmed Combat
  2941 | D:4      | Reached skill level 1 in Invocations
  2941 | D:4      | Reached XP level 5. HP: 38/44 MP: 4/6
  3486 | D:4      | Found a glowing silver altar of Zin.
  3529 | D:5      | Entered Level 5 of the Dungeon
  3539 | D:5      | Noticed a centaur
  3623 | D:4      | Reached XP level 6. HP: 44/51 MP: 7/7
  3974 | D:5      | Your scales start taking on an icy white colour.
  3974 | D:5      | Reached XP level 7. HP: 25/58 MP: 1/9
  3974 | D:5      | Gained mutation: Your flesh is cold resistant. (rC+) [White
                  | Draconian growth]
  4671 | D:5      | Found a blossoming altar of Fedhas.
  4728 | D:5      | Found a stormy altar of Qazlal.
  4899 | D:5      | Reached skill level 5 in Unarmed Combat
  5579 | D:6      | Found a transporter.
  5579 | D:6      | Found Ecion's Antique Weapon Boutique.
  5592 | D:6      | Found Usiexioc's Weapon Shop.
  5621 | D:6      | Reached XP level 8. HP: 67/67 MP: 10/10
  5817 | D:6      | Found Ilysk's Assorted Antiques.
  5818 | D:6      | Noticed Menkaure
  5828 | D:6      | Killed Menkaure
  5829 | D:6      | Reached skill level 5 in Shapeshifting
  6052 | D:6      | Reached skill level 5 in Fighting
  6218 | D:6      | Reached **** piety under Uskayaw
  6228 | D:6      | HP: 3/69 [wight/+3 falchion (9)]
  6638 | D:6      | Reached skill level 6 in Unarmed Combat
  6733 | D:6      | Reached skill level 5 in Dodging
  6733 | D:6      | Reached skill level 5 in Invocations
  7525 | D:6      | Found Uhufos's Antique Weapon Shop.
  7566 | D:6      | Found a transporter.
  7609 | D:7      | Reached XP level 9. HP: 68/74 MP: 12/12
  7895 | D:7      | Found a staircase to the Ecumenical Temple.
  7908 | D:7      | Noticed Prince Ribbit
  8048 | D:7      | Found a shadowy altar of Dithmenos.
  8948 | D:8      | Reached ***** piety under Uskayaw
  9742 | D:8      | Reached XP level 10. HP: 77/83 MP: 13/13
  9890 | D:7      | Reached skill level 7 in Unarmed Combat
 10203 | D:8      | Found a transporter.
 10209 | D:8      | Found a transporter.
 10234 | D:8      | Found a transporter.
 10302 | D:8      | Found a transporter.
 10489 | D:9      | Killed Prince Ribbit
 11047 | D:9      | Found a staircase to the Lair.
 11119 | D:9      | Noticed a two-headed ogre
 11255 | D:10     | Entered Level 10 of the Dungeon
 11342 | D:10     | Noticed a two-headed ogre
 11874 | D:9      | Found Wifirej's Assorted Antiques.
 11881 | D:9      | Bought a scroll of teleportation for 84 gold pieces
 11881 | D:9      | Bought a potion of curing for 84 gold pieces
 11881 | D:9      | Bought a scroll labelled SAMIRASE BIOG for 28 gold pieces
 11881 | D:9      | Bought a scroll of identify for 56 gold pieces
 12237 | Lair:1   | Entered Level 1 of the Lair of Beasts
 12941 | Lair:1   | Reached skill level 8 in Unarmed Combat
 13095 | Lair:1   | Noticed a cane toad
 13107 | Lair:1   | Killed a cane toad
 13482 | Lair:1   | Noticed a cane toad
 13488 | Lair:1   | Killed a cane toad
 13489 | Lair:1   | Reached XP level 11. HP: 94/94 MP: 14/14
 13928 | Lair:1   | Reached ****** piety under Uskayaw
 14184 | Lair:1   | Reached skill level 10 in Shapeshifting
 15070 | Lair:1   | Reached skill level 9 in Unarmed Combat
 15716 | Lair:1   | Found a snail-covered altar of Cheibriados.
 16009 | Lair:2   | Reached XP level 12. HP: 103/106 MP: 17/17
 16231 | Lair:2   | Found a staircase to the Swamp.
 16234 | Lair:2   | Noticed a seven-headed hydra
 16242 | Lair:2   | Killed a seven-headed hydra
 16331 | Lair:2   | Reached skill level 10 in Fighting
 16856 | Lair:2   | Reached skill level 10 in Unarmed Combat
 17498 | Lair:2   | Identified a scroll of acquirement
 17499 | Lair:2   | Acquired a manual of Unarmed Combat
 18396 | Lair:3   | Noticed a six-headed hydra
 18546 | D:10     | Found a staircase to the Orcish Mines.
 18584 | D:10     | Found Guopp's Armour Emporium.
 18616 | D:10     | Identified the +2 halberd of the Destroying Badger {drain,
                  | *Rage Int+4}
 18900 | D:10     | Killed a two-headed ogre
 19394 | Orc:1    | Entered Level 1 of the Orcish Mines
 19668 | Orc:2    | Entered Level 2 of the Orcish Mines
 19750 | Orc:1    | Reached XP level 13. HP: 116/116 MP: 19/19
 20036 | Orc:2    | Found Raunenn's Retail Resort.
 20300 | Orc:2    | Reached skill level 11 in Unarmed Combat
 20326 | Orc:2    | Noticed an orc warlord
 20643 | Orc:1    | Killed an orc warlord
 21036 | Orc:2    | Found a staircase to the Elven Halls.
 21953 | Orc:2    | Found Kuvet's Book Shoppe.
 22644 | Orc:2    | Found an ancient bone altar of Kikubaaqudgha.
 22769 | Orc:2    | Found Nymuutz's Antique Weapon Shoppe.
 22778 | Orc:2    | Noticed Erolcha
 22913 | Orc:2    | Killed Erolcha
 22998 | Orc:2    | Found Sis Etik's Distillery.
 22998 | Orc:2    | Found Hemarchob's Book Shoppe.
 23003 | Orc:2    | Found a radiant altar of Vehumet.
 23642 | Orc:2    | Upgraded the game from 0.31-a0-876-gfe8ebadbca to
                  | 0.31-a0-879-g1609e0ac53
 23642 | Orc:2    | Acquired 878 gold pieces
 23659 | Orc:2    | Bought a potion of might for 56 gold pieces
 23659 | Orc:2    | Bought a potion of enlightenment for 70 gold pieces
 23659 | Orc:2    | Bought 2 potions of mutation for 224 gold pieces
 23659 | Orc:2    | Bought a potion of curing for 42 gold pieces
 23659 | Orc:2    | Bought a potion of curing for 42 gold pieces
 23835 | Orc:2    | Bought a potion of might for 56 gold pieces
 23835 | Orc:2    | Bought a potion of might for 56 gold pieces
 24025 | Lair:3   | Reached skill level 10 in Dodging
 24025 | Lair:3   | Reached skill level 12 in Unarmed Combat
 24320 | Lair:3   | Found a staircase to the Snake Pit.
 24905 | Lair:3   | Identified the +4 mace "Vepsuobbo" {holy, rElec Str+3}
 25126 | Lair:3   | You fall into a shaft and drop 1 floor!
 25558 | Lair:3   | Reached skill level 10 in Invocations
 26222 | Lair:4   | Noticed Snorg
 26231 | Lair:4   | Killed Snorg
 26488 | Lair:4   | Reached XP level 14. HP: 60/126 MP: 21/21
 27345 | Lair:4   | Identified the ring of Zuqimno {Fly rF+ MP-9 Slay+3}
 27375 | Lair:4   | Reached skill level 13 in Unarmed Combat
 27532 | Lair:5   | Entered Level 5 of the Lair of Beasts
 27708 | Lair:5   | Found a staircase to the Slime Pits.
 29851 | Lair:5   | Reached skill level 14 in Unarmed Combat
 31371 | D:11     | Identified the +0 robe of Lilacs {Stlth+}
 31395 | D:11     | Found a gate leading to a gauntlet.
 31425 | Gauntlet | Entered a Gauntlet
 31425 | Gauntlet | Found a transporter.
 31425 | Gauntlet | Found a transporter.
 31425 | Gauntlet | Found a transporter.
 31425 | Gauntlet | Found a runed translucent gate.
 31493 | Gauntlet | Found a transporter.
 31503 | Gauntlet | Found a transporter.
 31505 | Gauntlet | Found a transporter.
 31515 | Gauntlet | Found a transporter.
 31533 | Gauntlet | Found the +9 sword of Zonguldrok {reap}
 31535 | Gauntlet | Found a transporter.
 31539 | Gauntlet | Found a runed translucent door.
 31553 | Gauntlet | Found a transporter.
 31554 | Gauntlet | Found a transporter.
 31562 | Gauntlet | Found a transporter.
 31565 | Gauntlet | Found a transporter.
 31567 | Gauntlet | Found a runed translucent gate.
 31567 | Gauntlet | Found a runed translucent gate.
 31653 | Gauntlet | Identified the staff of Tomorrow {Drain rF++ Stlth+ Conj}
 31706 | Gauntlet | Gained mutation: You are frail. (-10% HP) [a neqoxec]
 31730 | Gauntlet | Identified the ring "Inkeuch" {Wiz rCorr Str+2}
 31816 | Gauntlet | Reached XP level 15. HP: 121/122 MP: 14/23
 31823 | Gauntlet | Identified the +4 arbalest "Secreokk" {penet, rF+}
 32990 | D:12     | Found Rorihe's Armour Shoppe.
 32997 | D:12     | Bought a +0 pair of gloves for 72 gold pieces
 33007 | D:12     | Found Ratzogap's Antique Armour Shop.
 33052 | D:12     | Found Miecuwih's Armour Shop.
 33060 | D:12     | Bought a +0 pair of boots for 81 gold pieces
 34241 | D:12     | Noticed Gastronok
 34261 | D:12     | Killed Gastronok
 34460 | D:6      | Bought a scroll of enchant armour for 187 gold pieces
 34828 | D:13     | Found a gate to the Vaults.
 34841 | D:13     | Reached skill level 15 in Unarmed Combat
 35419 | D:14     | HP: 6/123 [skeletal warrior/+0 trident (14)]
 36078 | D:14     | Found the +10 dark maul {heavy}
 36090 | D:14     | HP: 1/124 [war gargoyle/spray of metal splinters (15)]
 36646 | D:14     | Found a portal to a secret trove of treasure.
 36732 | D:14     | Found a runed translucent gate.
 36733 | D:14     | Found a runed translucent gate.
 36734 | D:14     | Found a runed translucent gate.
 36734 | D:14     | Noticed Ylounoac's ghost (journeyman MiBe)
 36734 | D:14     | Noticed a fire giant
 36739 | D:14     | Found an iron altar of Okawaru.
 37097 | D:15     | Entered Level 15 of the Dungeon
 37458 | D:15     | Found an ornate altar of the Wu Jian Council.
 37565 | D:15     | Upgraded the game from 0.31-a0-879-g1609e0ac53 to
                  | 0.31-a0-881-ge136f0c47a
 38018 | D:15     | Reached skill level 16 in Unarmed Combat
 38596 | D:15     | Found a staircase to the Depths.
 38598 | D:15     | Noticed Kirke
 38609 | D:15     | Killed Kirke
 38707 | D:15     | Noticed Louise
 38725 | D:15     | Killed Louise
 38726 | D:15     | Reached XP level 16. HP: 132/132 MP: 16/25
 39165 | Swamp:1  | Entered Level 1 of the Swamp
 40602 | Swamp:2  | Noticed Frances
 40603 | Swamp:2  | Killed Frances
 41596 | Swamp:3  | Found a runed translucent door.
 41601 | Swamp:3  | Noticed Isysim's ghost (adept OgFi)
 41616 | Swamp:3  | Identified the +4 mace of Diwneoty {drain, rC+}
 41617 | Swamp:3  | Identified the +9 trident of Ojuifit {flame, rC+ MP+9 Str+3
                  | Stlth+}
 41884 | Swamp:4  | Entered Level 4 of the Swamp
 41944 | Swamp:4  | Reached skill level 15 in Fighting
 41979 | Swamp:4  | Reached skill level 17 in Unarmed Combat
 42033 | Swamp:4  | Reached skill level 15 in Shapeshifting
 42049 | Swamp:4  | Identified the +8 flail of Punishment {protect, rElec}
 42083 | Swamp:4  | Identified the +4 hand axe "Orb Guardian's Death" {heavy,
                  | rF+ rN++}
 43584 | Swamp:4  | Reached skill level 1 in Shields
 43588 | Swamp:4  | Noticed a thorn hunter
 43591 | Swamp:4  | Found a blossoming altar of Fedhas.
 43591 | Swamp:4  | Noticed a thorn hunter
 43591 | Swamp:4  | Noticed a thorn hunter
 43914 | Swamp:4  | Noticed a thorn hunter
 43916 | Swamp:4  | Killed a thorn hunter
 43918 | Swamp:4  | Killed a thorn hunter
 43921 | Swamp:4  | Killed a thorn hunter
 43928 | Swamp:4  | Found a basalt altar of Yredelemnul.
 44142 | Swamp:4  | Got a decaying rune of Zot
 44173 | Swamp:4  | Killed a thorn hunter
 44174 | Swamp:4  | Reached XP level 17. HP: 140/140 MP: 17/26
 44588 | Swamp:4  | Lost mutation: You are frail. (-10% HP) [potion of
                  | mutation]
 44588 | Swamp:4  | Gained mutation: You are clumsy. (Dex -2) [potion of
                  | mutation]
 44588 | Swamp:4  | Gained mutation: You have hidden genetic potential. [potion
                  | of mutation]
 44961 | Snake:1  | Entered Level 1 of the Snake Pit
 45300 | Snake:1  | Reached skill level 5 in Shields
 46381 | Snake:3  | Found a transporter.
 46480 | Snake:3  | Found Birhussau's Antique Armour Emporium.
 46484 | Snake:3  | Found Arriw's Antique Weapon Emporium.
 46699 | Snake:3  | Noticed Saint Roka
 46723 | Snake:3  | Killed Saint Roka
 47393 | Snake:3  | Acquired the ring "Azuyt" {rElec Will+}
 47470 | Snake:4  | Entered Level 4 of the Snake Pit
 49111 | Snake:4  | Reached XP level 18. HP: 141/166 MP: 18/27
 49553 | Snake:4  | Gained mutation: Your system is resistant to poisons.
                  | (rPois) [hidden potential]
 49841 | Snake:4  | Got a serpentine rune of Zot
 50231 | Depths:1 | Entered Level 1 of the Depths
 50336 | Vaults:1 | Entered Level 1 of the Vaults
 51155 | Vaults:1 | Reached skill level 10 in Shields
 51979 | Vaults:1 | Found Horec Tof's Weapon Shop.
 52140 | Vaults:1 | Reached skill level 18 in Unarmed Combat
 52160 | Vaults:1 | Found a transporter.
 52162 | Vaults:1 | Found a transporter.
 52162 | Vaults:1 | Noticed Naox's ghost (adept KoAr)
 52306 | Vaults:1 | Found Qygit's Book Shoppe.
 53295 | Vaults:2 | Found Ilas's Antique Weapon Shop.
 53310 | Vaults:2 | Found a large runed translucent door.
 53310 | Vaults:2 | Found a large runed translucent door.
 53310 | Vaults:2 | Noticed Fotooss's ghost (adept MiDe)
 53441 | Vaults:2 | Reached XP level 19. HP: 174/174 MP: 20/29
 54028 | Vaults:2 | Found a staircase to the Crypt.
 54604 | Vaults:2 | Killed Fotooss's ghost
 54607 | Vaults:2 | Identified the +4 pair of gloves of Liklimin {Fly}
 55374 | Vaults:3 | Reached skill level 15 in Invocations
 55375 | Vaults:3 | HP: 3/230 [yaktaur captain (15)]
 55376 | Vaults:3 | Demolished by a vault warden

Illustrated notes

Levels and vault maps discovered:
D:1:      onia_arrival_pyramid, layout_basic, shapermc_ecumenical_altar_venn,
          nicolae_figureground_pulse
D:2:      layout_rooms, uniq_crazy_yiuf_cottage
D:3:      layout_loops_ring, mainiacjoe_overflow_brackets,
          nicolae_uskayaw_murder_on_the_dancefloor, serial_glass,
          glass_columns_a, glass_columns_b, biasface_ghost_orc_armoury
D:4:      layout_loops_ring, zin_treasury, mainiacjoe_overflow_24_doors,
          hex_medium
D:5:      layout_gridville, fedhas_bush_and_centaur_altar,
          nicolae_qazlal_general_emergency, kennysheep_generic_room_13
D:6:      layout_loops_ring, serial_shops, nicolae_shop_back_alley_shop,
          nicolae_shop_drivethru, nicolae_shop_real_fake_doors,
          nicolae_shop_rolling_square, minmay_misc_feat_columns, uniq_menkaure
D:7:      layout_loops_cross, nicolae_dithmenos_through_a_glass_darkly,
          minmay_temple_entry_nine_rooms, enter_bailey_6, uniq_prince_ribbit1
D:8:      layout_cave_pools, nicolae_transporter_intersection
D:9:      layout_cave_pods, lair_entry_dummy, serial_shops,
          nicolae_shop_overgrown_old_shop
D:10:     layout_gridville, orc_david_3
D:11:     layout_basic, gauntlet_entry_generic
D:12:     layout_basic, serial_shops, nicolae_shop_competitors_out_of_business,
          shop, nicolae_lakefront_shop, uniq_gastronok
D:13:     layout_cross, david_vaults_2
D:14:     minmay_roctagon, layout_small_grid, gammafunk_ghost_fury_of_okawaru,
          enter_trove_2, hangedman_abyss_or_decor_stagger
D:15:     gammafunk_depths_entry_grave, layout_stronghold,
          nicolae_wu_jian_immortal_techniques, uniq_kirke, uniq_louise
Lair:1:   layout_cellular_growth, kennysheep_snail_temple, grunt_megastairs_4
Lair:2:   dpeg_oklob_shooting_range, layout_chaotic_city, swamp_mist,
          grunt_forest_small_clearings, pdpol_lair_neglected_garden,
          nicolae_lair_lindhole, infiniplex_staircase_pool
Lair:3:   layout_gridlike, guppyfry_snake_entry_island,
          chequers_serial_rivers_small_b, st_stairs_8, nicolae_lair_lil_pond,
          grunt_forest_stairs_basic, grunt_megastairs_2
Lair:4:   layout_regular_city, uniq_snorg
Lair:5:   minmay_lair_end_enchanted_forest, layout_hall_layers,
          minmay_slime_entry_pillars, minmay_shattered_shrine,
          grunt_megastairs_5, infiniplex_staircase_pool_2, lemuel_fruit_tree
Swamp:1:  layout_falls_marsh, serial_swamp_ruin, evilmike_swamp_ruin_house_5,
          evilmike_swamp_ruin_rubble_2, swamp_pool2,
          nicolae_swamp_round_clearing, hangedman_swamp_diagram,
          nicolae_swamp_oklob_treasure_island
Swamp:2:  layout_falls_marsh, nicolae_swamp_tree_isthmus, uniq_frances
Swamp:3:  layout_basic_swamp, ebering_ghost_funeral_grove,
          evilmike_swamp_ruin_rubble_1
Swamp:4:  byrel_swamp_growth_death_and_undeath, layout_basic_swamp
Snake:1:  layout_misc_corridors, serial_bayou, serial_bayou_shore_a,
          serial_bayou_lake_a, serial_bayou_pond_c, serial_bayou_pond_d
Snake:2:  layout_misc_corridors
Snake:3:  gammafunk_its_a_trap, layout_gridlike, minmay_shop_star,
          uniq_saint_roka
Snake:4:  grunt_snake_rune_pools, layout_cave_town
Orc:1:    nicolae_orc_accident_2, layout_caves, mines2_lemuel
Orc:2:    kennysheep_orc_mage_school, layout_diamond_mine,
          portal_ice_cave_entry_ice_simulacra, nicolae_volcano_entry_vermiform,
          nicolae_alphabet_shops
Vaults:1: gammafunk_ghost_mausoleum, nicolae_vaults_wine_cellar,
          nicolae_vaults_apartment_1, nicolae_vaults_little_ls,
          dpeg_vaults_monster_box, nicolae_vaults_trapezoid_4,
          nicolae_vaults_taking_the_gang_shopping, layout_vaults_omnigrid,
          serial_shops, shop
Vaults:2: advil_vaults_ghost_guards, nicolae_vaults_meiosis,
          nicolae_vaults_more_shelving_2, minmay_crypt_entry_nasty_monster,
          vaults_mumra_minichess_inversion, hangedman_vaults_corner,
          vaults_room_large_hall, nicolae_vaults_tetromino_T_2,
          nicolae_vaults_sealed_display, nicolae_vaults_more_shelving_1,
          layout_vaults_omnibox, serial_shops, shop
Vaults:3: portal_desolation_entry_nicolae_slug, nicolae_vaults_back_hallway,
          grunt_vaults_hallway_short, nicolae_vaults_network_quinsquares
          [nicolae_vaults_network_quincunx_subvault,
          nicolae_vaults_network_quincunx_subvault,
          nicolae_vaults_network_quincunx_subvault,
          nicolae_vaults_network_quincunx_subvault], st_hourglassy,
          vaults_room_fours, nicolae_vaults_little_squares_4,
          hangedman_vaults_variations, nicolae_vaults_border_crossing,
          ontoclasm_vaults_bender, nicolae_vaults_trapezoid_2,
          nicolae_vaults_frosty_reception, vaults_mumra_hex,
          nicolae_vaults_tetromino_T_1, layout_vaults_ring, serial_shops,
          nicolae_shop_tiny_real_fake_doors
Depths:1: layout_gridlike, grunt_metal_band, abyss_entry, serial_shops,
          nicolae_shop_trees, lemuel_flamethrower_2

Skill      XL: |  1  2  3  4  5  6  7  8  9 10 11 12 13 14 15 16 17 18 19 |
---------------+----------------------------------------------------------+-----
Dodging        | 2 3 4 5 7 8 9 10 11 12 | 12.8
Fighting       | 2 3 4 5 6 8 9 11 12 13 14 15 16 17 | 17.0
Unarmed Combat | 4 5 6 8 9 10 12 14 16 17 18 | 18.4
Invocations    | 1 2 3 5 7 8 10 11 12 14 15 | 15.0
Shapeshifting  | 4 5 8 9 10 11 12 13 14 16 17 | 17.8
Shields        | 2 8 10 11 | 11.9

Action                     |  1- 3 |  4- 6 |  7- 9 | 10-12 | 13-15 | 16-18 | 19-21 || total
---------------------------+-------+-------+-------+-------+-------+-------+-------++-------
  Melee: Unarmed           |   109 |   132 |   251 |   536 |  1011 |  1001 |   170 ||  3210
         Tailslap          |    11 |    25 |    33 |    26 |    77 |   182 |    37 ||   391
         Punch             |       |     3 |     9 |       |    50 |   107 |    22 ||   191
         Constrict         |       |       |       |    95 |   164 |       |       ||   259
         Maw               |       |       |       |       |   153 |   131 |       ||   284
 Invoke: Line Pass         |       |     2 |       |       |       |     1 |       ||     3
         Stomp             |       |     2 |     9 |     8 |     8 |     8 |     4 ||    39
         Grand Finale      |       |       |       |       |       |     3 |     1 ||     4
Ability: Breathe Frost     |       |       |    23 |     1 |       |       |       ||    24
  Evoke: Wand              |       |       |     1 |     7 |     3 |       |       ||    11
    Use: Scroll            |     4 |     1 |     5 |     9 |    18 |    16 |     1 ||    54
         Potion            |       |       |     3 |     4 |     8 |     2 |       ||    17
   Stab: Sleeping          |     1 |     1 |     1 |       |       |       |       ||     3
         Paralysed         |       |     3 |    16 |    61 |    86 |   103 |    18 ||   287
         Distracted        |       |       |       |       |       |     1 |       ||     1
 Armour: Skin              |    51 |    80 |   181 |   419 |   667 |  1259 |   188 ||  2845
  Dodge: Dodged            |    65 |    74 |   156 |   319 |   430 |   888 |   124 ||  2056
  Block: Other             |       |       |       |       |   112 |   117 |       ||   229
         Reflection        |       |       |       |       |     8 |    12 |       ||    20
         Tower shield      |       |       |       |       |       |   415 |       ||   415
   Form: Anaconda          |       |       |     1 |     2 |     1 |       |       ||     4
         Beast             |       |       |     1 |       |     1 |       |       ||     2
         Flux              |       |       |       |     2 |       |       |       ||     2
         Maw               |       |       |       |       |     1 |       |       ||     1
         Statue            |       |       |       |       |       |     2 |       ||     2
                           |       |       |       |       |       |     1 |       ||     1

Table legend: (Time is in decaauts)
 A = Elapsed time spent in this place.
 B = Non-inter-level travel time spent in this place.
 C = Inter-level travel time spent in this place.
 D = Time resting spent in this place.
 E = Time spent auto-exploring this place.
 F = Levels seen in this place.
 G = Mean time per level.
                   A        B        C        D        E       F      G
               +--------+--------+--------+--------+--------+-----+--------+
         Total |  60599 |  56709 |   3890 |  22925 |  25192 |  35 | 1731.4 |
       Dungeon |  22186 |  20629 |   1557 |   7813 |  10031 |  15 | 1479.1 |
          Lair |  12839 |  12316 |    523 |   5084 |   5797 |   5 | 2567.8 |
         Swamp |   6380 |   5847 |    533 |   3209 |   1776 |   4 | 1595.0 |
     Snake Pit |   7556 |   7068 |    488 |   2545 |   2962 |   4 | 1889.0 |
  Orcish Mines |   4506 |   4207 |    299 |   2075 |   1412 |   2 | 2253.0 |
        Vaults |   6695 |   6214 |    481 |   2143 |   3016 |   3 | 2231.7 |
        Depths |     40 |     35 |      5 |      0 |      0 |   1 |   40.0 |
      Gauntlet |    392 |    392 |      0 |     53 |    197 |   1 |  392.0 |
               +--------+--------+--------+--------+--------+-----+--------+

Top non-repeatable levels by time:
   Orc:2: 3770 daAuts
 Swamp:4: 3659 daAuts
  Lair:5: 3538 daAuts
Vaults:1: 3335 daAuts
  Lair:1: 3151 daAuts
Vaults:2: 3103 daAuts
 Snake:4: 3070 daAuts
    D:14: 2413 daAuts
 Snake:3: 2403 daAuts
     D:9: 2388 daAuts
     D:5: 2361 daAuts
  Lair:3: 2332 daAuts
  Lair:2: 2320 daAuts
    D:12: 1665 daAuts
     D:8: 1547 daAuts
